 Dungeon Crawl Stone Soup version 0.29.1-15-g9cfb28693d (webtiles) character file.

Game seed: 17021211937649013582

2930 croobank the Trooper (level 9, 0/69 HPs)
             Began as a Demonspawn Fire Elementalist on Apr 4, 2023.
             Was an Initiate of Vehumet.
             Slain by a killer bee (1 damage)
             ... on level 8 of the Dungeon.
             The game lasted 00:20:57 (9505 turns).

croobank the Trooper (Demonspawn Fire Elementalist) Turns: 9505, Time: 00:20:57

Health: 0/69       AC:  5    Str:  8    XL:     9   Next: 50%
Magic:  4/16       EV: 14    Int: 20    God:    Vehumet [......]
Gold:   646        SH:  5    Dex: 15    Spells: 8/17 levels left

rFire   + + .      SeeInvis .   A - staff of fire
rCold   + . .      Faith    .   (no shield)
rNeg    . . .      Spirit   .   a - +0 robe
rPois   +          Reflect  +   (helmet restricted)
rElec   +          Harm     .   (no cloak)
rCorr   +          Rampage  .   f - +1 pair of gloves
Will    +....                   (no boots)
Stlth   +++.......              p - amulet of reflection
HPRegen 0.21/turn               q - ring of willpower
MPRegen 0.15/turn               (no ring)

@: brilliant, lethally poisoned (0 -> -4), resistant, very slightly
contaminated, invisible
A: antennae 2, spiny 1, sharp scales 1
a: Renounce Religion


You were on level 8 of the Dungeon.
You worshipped Vehumet.
Vehumet was noncommittal.
You visited 2 branches of the dungeon, and saw 9 of its levels.

You collected 646 gold pieces.

Inventory:

Hand Weapons
 d - a +0 short sword
 m - a +3 demon trident of venom
 n - a +2 scythe of protection
 t - a +0 war axe
 w - a +1 dagger of draining
Missiles
 h - 21 poisoned darts
Armour
 a - a +0 robe (worn)
 e - a +0 helmet
 f - a +1 pair of gloves (worn)
Magical Staves
 A - a staff of fire (weapon)
Jewellery
 p - an amulet of reflection (around neck)
 q - a ring of willpower (left hand)
Wands
 v - a wand of roots (8)
 D - a wand of polymorph (8)
Scrolls
 g - 2 scrolls of butterflies
 i - a scroll of magic mapping
 k - 2 scrolls of vulnerability
 r - a scroll of fear
 u - 3 scrolls of teleportation
 x - 3 scrolls of identify
 y - a scroll of torment {unknown}
 z - a scroll of enchant weapon
 B - a scroll of amnesia
Potions
 b - a potion of magic
 c - 2 potions of flight
 j - a potion of haste
 l - 3 potions of curing


   Skills:
 * Level 5.8 Fighting
 + Level 3.3 Polearms
 + Level 4.4 Dodging
 + Level 5.0 Stealth
 + Level 4.6 Spellcasting
 + Level 4.7 Conjurations
 + Level 4.9 Fire Magic
 * Level 3.4 Poison Magic


You had 8 spell levels left.
You knew the following spells:

 Your Spells              Type           Power      Damage    Failure   Level
a - Foxfire               Conj/Fire      100%       2x1d9     1%          1
b - Scorch                Fire           100%       2d10      2%          2
c - Mephitic Cloud        Conj/Pois/Air  23%        N/A       12%         3
d - Ignite Poison         Fire/Tmut/Pois 35%        N/A       12%         3

Your spell library contained the following spells:

 Spells                   Type           Power      Damage    Failure   Level
 Magic Dart               Conj           100%       1d8       1%          1
 Searing Ray              Conj           70%        2d7       2%          2
 Shock                    Conj/Air       84%        1d8       4%          1
 Conjure Flame            Conj/Fire      53%        6-21      4%          3
 Apportation              Tloc           14%        N/A       12%         1
 Slow                     Hex            28%        N/A       12%         1
 Inner Flame              Hex/Fire       32%        N/A       13%         3
 Flame Wave               Conj/Fire      53%        2d13      16%         4
 Blink                    Tloc           14%        N/A       19%         2
 Ensorcelled Hibernation  Hex/Ice        14%        N/A       19%         2
 Passwall                 Tmut/Erth      5%         N/A       19%         2
 Sublimation of Blood     Necr           7%         N/A       19%         2
 Wereblood                Tmut           7%         N/A       19%         2
 Confusing Touch          Hex            7%         N/A       34%         3
 Swiftness                Air            7%         N/A       34%         3
 Vampiric Draining        Necr           7%         2d6       34%         3
 Fulminant Prism          Conj/Hex       10%        3d9       41%         4
 Airstrike                Air            3%         2d(1-17)  75%         4
 Alistair's Intoxication  Tmut/Pois      11%        N/A       86%         5
 Freezing Cloud           Conj/Ice/Air   8%         6-21      87%         5
 Manifold Assault         Tloc           7%         N/A       97%         5
 Storm Form               Tmut/Air       3%         N/A       100%        7
 Summon Hydra             Summ           3%         N/A       100%        7


Dungeon Overview and Level Annotations

Branches:
Dungeon (8/15)             Temple (1/1) D:7            Lair (0/5) D:8

Altars:
Cheibriados
Dithmenos
Fedhas
Gozag
Kikubaaqudgha
Makhleb
Nemelex Xobeh
Okawaru
Qazlal
Ru
Trog
Uskayaw
Vehumet
Wu Jian
Xom
Yredelemnul

Annotations:
D:6 3 runed translucent doors, 2 transporters, middlethird's ghost, novice VSIE


Innate Abilities, Weirdness & Mutations

You have a pair of antennae on your head.
You are partially covered in sharp spines.
You are partially covered in razor-sharp scales. (AC +1, Slay +1)


Message History

You are lethally poisoned!
The killer bee poisons you! The killer bee barely misses you.
The killer bee closely misses you. The killer bee stings you.
* * * LOW HITPOINT WARNING * * *
You are more poisoned.
The killer bee poisons you!
You feel better. The killer bee closely misses you.
The killer bee is struck by your spines.
The killer bee barely misses you. The killer bee completely misses you.
The killer bee stings you!
* * * LOW HITPOINT WARNING * * *
You are poisoned.
The killer bee poisons you!
You feel protected.
You feel sick.
The killer bee stings you but does no damage.
You block the killer bee's attack.
The killer bee is struck by your spines.
You kill the killer bee!
Vehumet accepts your kill. You block the killer bee's attack.
Your Stealth skill increases to level 5!
It was a potion of invisibility.
You fade into invisibility!
You feel sick.
The killer bee is struck by your spines.
The killer bee stings you but does no damage.
The killer bee stings you.
* * * LOW HITPOINT WARNING * * *
You block the killer bee's attack.
The killer bee is struck by your spines.
The killer bee stings you.
* * * LOW HITPOINT WARNING * * *
Okay, then.
Okay, then.
It was a potion of brilliance.
You feel clever all of a sudden.
* * * LOW HITPOINT WARNING * * *
You feel sick. The killer bee stings you.
You die...

~,,,~,,*
#......#****,,.yy..,,,,
~~~~~,,**##.##...###
**,#.#..,,,,
,,,,,,,,,..........#
*,#y#.#****
,,,,,*,,,..........####.#.#.#
**,,,,,,,.................#.#
**,***,*#.......†.######)#.#
*,* *,**..#........)..<.#.#
*,* *,,#..#.##y########.#<#
*,* *,,......y@# #.#.#* *,*
*,,#..8..#.# #..#.#* *,*
*,*##....#.# *#.###.#* *,*
*,*,#..8,..# #.## *#z# *,*
*,*_+...,#.# ##,***{##
*,***,*,#..8,#!# *,,*{**
*,,,,,**#..,,#.#** *********
*****,,*,,8,*#..,* **,,,***,,
**,,,,,,****,* **,,,,,**,,


You could see 2 killer bees.

Vanquished Creatures
  Sigmund (D:4)
  A wyvern (D:7)
  Eustachio (D:4)
  Edmund (D:4)
  A water moccasin (D:5)
  An orc warrior (D:7)
  2 black bears
  3 ice beasts
  3 sky beasts
  2 ogres (D:5)
  3 phantoms
  A kobold brigand (D:7)
  A bullfrog (D:6)
  A necrophage (D:6)
  A scorpion (D:6)
  3 killer bees (D:8)
  2 orc priests (D:6)
  A gnoll bouda (D:7)
  3 hounds
  2 jellies
  5 iguanas
  7 gnolls
  9 adders
  A shadow imp (D:5)
  3 white imps
  2 ufetubi
  3 worms
  A dart slug (D:2)
  14 orcs
  6 ball pythons
  6 bats
  6 endoplasms
  7 giant cockroaches
  13 goblins
  8 hobgoblins
  8 jackals
  6 kobolds
  7 quokkas
  9 rats
155 creatures vanquished.

Vanquished Creatures (collateral kills)
  A foxfire (D:7)
1 creature vanquished.

Vanquished Creatures (others)
  388 foxfires
388 creatures vanquished.

Grand Total: 544 creatures vanquished

Notes
Turn   | Place    | Note
-------+----------+-------------------------------------------
     0 | D:1      | croobank the Demonspawn Fire Elementalist began the quest
                  | for the Orb.
     0 | D:1      | Reached XP level 1. HP: 13/13 MP: 3/3
   139 | D:1      | Gained mutation: You are partially covered in razor-sharp
                  | scales. (AC +1, Slay +1) [demonic ancestry]
   139 | D:1      | Reached XP level 2. HP: 16/19 MP: 0/5
   909 | D:1      | Gained mutation: You have a pair of small antennae on your
                  | head. [demonic ancestry]
   909 | D:1      | Reached XP level 3. HP: 24/24 MP: 2/6
  1499 | D:2      | Learned a level 2 spell: Scorch
  1883 | D:2      | Gained mutation: You are partially covered in sharp spines.
                  | [demonic ancestry]
  1883 | D:2      | Reached XP level 4. HP: 30/30 MP: 3/7
  2140 | D:2      | Found a stormy altar of Qazlal.
  3607 | D:3      | Identified the +1 helmet "Todamon" {Dex+6}
  3726 | D:3      | Reached XP level 5. HP: 36/36 MP: 6/9
  3842 | D:4      | Reached skill level 1 in Fighting
  3927 | D:4      | Found a shimmering altar of Xom.
  3932 | D:4      | Identified a scroll of acquirement
  3932 | D:4      | Acquired a +2 demon trident of venom
  3936 | D:4      | Noticed Eustachio
  3943 | D:4      | Killed Eustachio
  3944 | D:4      | Reached XP level 6. HP: 44/44 MP: 4/10
  4254 | D:4      | Noticed Sigmund
  4259 | D:4      | Killed Sigmund
  4260 | D:4      | Reached skill level 1 in Polearms
  4696 | D:4      | Noticed Edmund
  4703 | D:4      | Killed Edmund
  4704 | D:4      | Gained mutation: You have a pair of antennae on your head.
                  | [demonic ancestry]
  4704 | D:4      | Reached XP level 7. HP: 30/51 MP: 11/11
  5021 | D:5      | Entered Level 5 of the Dungeon
  5813 | D:5      | Reached XP level 8. HP: 60/60 MP: 7/13
  6289 | D:5      | Found an opulent altar of Gozag.
  6961 | D:5      | Found Aschyuc's Armour Shoppe.
  7210 | D:6      | Learned a level 3 spell: Mephitic Cloud
  7214 | D:6      | Learned a level 3 spell: Ignite Poison
  7300 | D:6      | Found a runed translucent gate.
  7300 | D:6      | Found a runed translucent gate.
  7300 | D:6      | Found a runed translucent gate.
  7313 | D:6      | Reached skill level 1 in Poison Magic
  7578 | D:6      | Noticed middlethird's ghost (novice VSIE)
  7584 | D:6      | Reached skill level 5 in Fighting
  7702 | D:6      | Reached XP level 9. HP: 68/68 MP: 9/15
  7765 | D:6      | Found a transporter.
  7783 | D:6      | Found a transporter.
  7792 | D:6      | Noticed a kobold demonologist
  8133 | D:7      | Found a blossoming altar of Fedhas.
  8718 | D:7      | Found a staircase to the Ecumenical Temple.
  8779 | Temple   | Entered the Ecumenical Temple
  8779 | Temple   | Found a transporter.
  8779 | Temple   | Found a transporter.
  8781 | Temple   | Found a transporter.
  8781 | Temple   | Found a transporter.
  8816 | Temple   | Became a worshipper of Vehumet
  9504 | D:8      | Reached skill level 5 in Stealth
  9504 | D:8      | HP: 2/69 [killer bee (6)]
  9505 | D:8      | Slain by a killer bee

Illustrated notes

Levels and vault maps discovered:
D:1:      onia_arrival_handbag, layout_basic, serial_curves, eino_curves_01,
          eino_curves_04
D:2:      layout_loops_ring, basic_altar
D:3:      layout_loops_ring, nicolae_concentric_dashed_squares_mild,
          dreamdust_wishing_well
D:4:      nicolae_cairo_tiling_very_big, layout_gridville, xom_teletrap_fun,
          gup_sewer_entry_bubbles, uniq_sigmund, uniq_edmund, uniq_eustachio
D:5:      wad_river_or_something, layout_loops_corners,
          nicolae_gozag_cash_rules_everything_around_me, serial_shops,
          nicolae_square_shop
D:6:      gammafunk_wand_slinger, layout_basic, gammafunk_ghost_icy,
          serial_park_tiny_2
D:7:      layout_rooms, fedhas_altar_3, elyvilon_altar_1,
          minmay_temple_entry_junction, kennysheep_opposing_triangles
D:8:      minmay_opposing_rooms, layout_loops_ring, zin_statuary,
          nicolae_ashenzari_panopticon, dpeg_oklobed_lair, serial_undead,
          serial_undead_c, serial_undead_c, serial_undead_e, serial_undead_c,
          serial_undead_d, enter_bailey_5, uniq_psyche, uniq_joseph, uniq_maggie
Temple:   hellmonk_temple_divided_pantheon

Skill      XL: |  1  2  3  4  5  6  7  8  9 |
---------------+----------------------------+-----
Stealth        | 2 3 4 5 |  5.0
Dodging        | 2 3 4 |  4.4
Fire Magic     | 3 4 |  4.9
Conjurations   | 2 3 4 |  4.7
Fighting       | 1 2 3 5 |  5.8
Spellcasting   | 3 4 |  4.6
Polearms       | 1 2 3 |  3.3
Poison Magic   | 2 3 |  3.4

Action                   |  1- 3 |  4- 6 |  7- 9 || total
-------------------------+-------+-------+-------++-------
Melee: Short sword       |    21 |    12 |       ||    33
       Unarmed           |     1 |       |       ||     1
       Demon trident     |       |    23 |    41 ||    64
       Punch             |       |       |     1 ||     1
       Staff             |       |       |     4 ||     4
 Cast: Foxfire           |    79 |    74 |    82 ||   235
       Scorch            |     3 |     5 |    79 ||    87
  Use: Scroll            |       |    11 |     7 ||    18
       Potion            |       |       |     4 ||     4
 Stab: Sleeping          |       |     3 |     4 ||     7
Armor: Robe              |    11 |     6 |    17 ||    34
Dodge: Dodged            |    21 |    11 |    49 ||    81
Block: Other             |     3 |     2 |    19 ||    24
       Reflection        |       |       |     1 ||     1
